 Dungeon Crawl Stone Soup version 0.29-a0-892-g2c4c91d9db (webtiles) character file.

Game seed: 14558645751846635029

454 lesaewzxc the Ogre Mage (level 7, -5/59 HPs)
             Began as an Ogre Fire Elementalist on July 22, 2022.
             Was an Initiate of Ashenzari.
             Slain by an iguana (11 damage)
             ... on level 5 of the Dungeon.
             The game lasted 00:36:17 (3442 turns).

lesaewzxc the Ogre Mage (Ogre Fire Elementalist)    Turns: 3442, Time: 00:36:17

Health: -5/59      AC:  3    Str: 13    XL:     7   Next: 5%
Magic:  12/12      EV:  8    Int: 18    God:    Ashenzari [......]
Gold:   181        SH:  7    Dex:  9    Spells: 10/13 levels left

rFire   . . .      SeeInvis .   l - +5 mace "Abracin" {vorpal, Drain rC- rN+++ Stlth+}
rCold   x . .      Faith    .   c - +0 kite shield of the Fated Frustration {Bglg, Melee} (curse)
rNeg    + + +      Spirit   .   a - +0 robe
rPois   .          Reflect  .   (helmet restricted)
rElec   .          Harm     .   (no cloak)
rCorr   .          Rampage  .   (gloves unavailable)
Will    .....                   (boots unavailable)
Stlth   +++.......              (no amulet)
HPRegen 0.19/turn               (no ring)
MPRegen 0.13/turn               (no ring)

@: no status effects
A: large, unfitting armour, tough skin 1, no potion heal 1
a: Renounce Religion, Curse Item, Shatter the Chains


You were on level 5 of the Dungeon.
You worshipped Ashenzari.
Ashenzari was noncommittal.
You visited 1 branch of the dungeon, and saw 5 of its levels.

You collected 181 gold pieces.

Inventory:

Hand Weapons
 d - a +0 club
 l - the +5 mace "Abracin" (weapon) {vorpal, Drain rC- rN+++ Stlth+}
   (You found it on level 3 of the Dungeon)

   It inflicts extra damage upon your enemies.
   rC:        It makes you vulnerable to cold.
   rN:        It renders you almost immune to negative energy.
   Drain:     It drains your maximum health when unequipped.
   Stlth:     It makes you more stealthy.
Armour
 a - a +0 robe (worn)
 c - the cursed +0 kite shield of the Fated Frustration (worn) {Bglg, Melee}
   (You found it on level 1 of the Dungeon)

   It has a curse which improves the following skills: Beguiling: Conjurations,
   Hexes and Translocations.
   Melee Combat: Short Blades, Long Blades, Axes, Maces & Flails, Polearms,
   Staves and Unarmed Combat.
 h - a +0 pair of gloves
Jewellery
 f - an amulet of regeneration
 r - an amulet of reflection
 t - a ring of ice
Wands
 b - a wand of flame (9)
 j - a wand of paralysis (3)
Scrolls
 i - a scroll of enchant armour
 n - a scroll of identify
 p - a scroll of fear
 u - a scroll of noise {unknown}
Potions
 e - a potion of ambrosia
 g - a potion of cancellation {unknown}
 k - a potion of magic
 m - 2 potions of heal wounds
 o - a potion of haste {unknown}
 s - a potion of lignification {unknown}


   Skills:
 + Level 2.0(2.3) Maces & Flails
 + Level 2.9 Dodging
 + Level 2.5 Stealth
 + Level 2.3 Shields
 + Level 3.7 Spellcasting
 + Level 2.5(2.9) Conjurations
 + Level 3.6 Fire Magic


You had 10 spell levels left.
You knew the following spells:

 Your Spells              Type           Power      Damage    Failure   Level
a - Foxfire               Conj/Fire      60%        2x1d7     10%         1
b - Scorch                Fire           32%        2d7       12%         2

Your spell library contained the following spells:

 Spells                   Type           Power      Damage    Failure   Level
 Conjure Flame            Conj/Fire      15%        6-21      28%         3
 Inner Flame              Hex/Fire       9%         N/A       45%         3
 Flame Wave               Conj/Fire      15%        2d6       67%         4
 Fulminant Prism          Conj/Hex       4%         3d6       89%         4
 Iskenderun's Mystic Bla  Conj/Tloc      8%         2d4       89%         4
 Lee's Rapid Deconstruct  Erth           1%         3d5*      100%        5


Dungeon Overview and Level Annotations

Branches:
Dungeon (5/15)             Temple (0/1) D:4

Altars:
Ashenzari
Trog


Innate Abilities, Weirdness & Mutations

You are too large for most types of armour.
You have tough skin. (AC +1)
Potions are less effective at restoring your health.


Message History

You miss the quokka. The quokka barely misses you. The quokka bites you.
You sock the quokka!
You kill the quokka!
A hound comes into view.
Found a club.
Found 10 gold pieces.
u - a scroll labelled AQIACA ESIS You can't go down here!
As you read the scroll of identify, it crumbles to dust.
m - 2 potions of heal wounds The hound barks!
As you read the scroll of identify, it crumbles to dust.
p - a scroll of fear
As you read the scroll labelled MINKO LECWIE, it crumbles to dust.
The creatures around you are filled with an inner flame!
It was a scroll of immolation.
Found a book of Displacement.
The hound barely misses you.
You closely miss the hound. The hound closely misses you.
You block the hound's attack.
You hit the hound but do no damage. The hound closely misses you.
The hound bites you but does no damage.
You closely miss the hound. The hound bites you. You block the hound's attack.
An iguana comes into view.
The iguana hisses angrily.
You hit the hound.
Flame seeps out of the hound. x2
The hound is moderately wounded.
The hound is engulfed in blazing flames.
Flame seeps out of the hound.
The hound bites you but does no damage.
The hound is engulfed in blazing flames.
The hound explodes!
The fiery explosion engulfs you!!
Ouch! That really hurt!
* * * LOW HITPOINT WARNING * * *
You hear an angry hiss.
You have reached level 7!
The iguana hisses menacingly.
You closely miss the iguana. The iguana bites you!
* * * LOW HITPOINT WARNING * * *
The iguana bites you!
You die...

#. ###. # ##... #.
..####...# #..
.........# #...
.........## #....
......○§..# ##.....
:....§.§..###......#
.#...§§§@.##.....#
#.....l....<...#
#.............##
.....######...##
....# ##..# ...$
#...# #). ##..# ...#
...#


You could see an iguana.

Vanquished Creatures
  The ghost of Sabo the Digger, an amateur OpEE of Ru (D:3)
  A scorpion (D:4)
  A hound (D:5)
  An orc priest (D:4)
  An iguana (D:4)
  Natasha (thrice) (D:2)
  Robin (D:2)
  4 adders
  2 worms
  3 dart slugs
  5 orcs (D:3)
  4 ball pythons
  3 endoplasms
  2 giant cockroaches
  7 hobgoblins
  4 jackals
  A quokka (D:5)
  3 bats
  2 frilled lizards (D:2)
  18 goblins
  4 kobolds
  4 rats
75 creatures vanquished.

Vanquished Creatures (collateral kills)
  A quokka (D:1)
1 creature vanquished.

Vanquished Creatures (others)
  83 foxfires
83 creatures vanquished.

Grand Total: 159 creatures vanquished

Notes
Turn   | Place    | Note
-------+----------+-------------------------------------------
     0 | D:1      | lesaewzxc the Ogre Fire Elementalist began the quest for
                  | the Orb.
     0 | D:1      | Reached XP level 1. HP: 16/16 MP: 3/3
   389 | D:1      | Found a faded altar of an unknown god.
   395 | D:1      | Reached skill level 1 in Conjurations
   406 | D:1      | Prayed at the altar of an unknown god.
   406 | D:1      | Became a worshipper of Ashenzari the Shackled
   467 | D:1      | Reached XP level 2. HP: 11/24 MP: 2/5
  1241 | D:2      | Gained mutation: You have a pair of small horns on your
                  | head. [potion of mutation]
  1241 | D:2      | Gained mutation: Your system is resistant to poisons.
                  | (rPois) [potion of mutation]
  1247 | D:2      | Reached XP level 3. HP: 6/31 MP: 3/6
  1321 | D:2      | Noticed Natasha
  1336 | D:2      | Killed Natasha
  1352 | D:2      | Reached skill level 1 in Shields
  1352 | D:2      | Reached XP level 4. HP: 39/39 MP: 3/8
  1359 | D:2      | Noticed Natasha
  1385 | D:2      | Reached skill level 1 in Maces & Flails
  1410 | D:2      | Killed Natasha
  1501 | D:2      | Noticed Robin
  1549 | D:2      | Reached XP level 5. HP: 24/45 MP: 7/9
  1592 | D:2      | Killed Robin
  1669 | D:2      | Noticed Natasha
  1681 | D:2      | Killed Natasha
  2168 | D:3      | Found a large runed translucent door.
  2169 | D:3      | Found a large runed translucent door.
  2171 | D:3      | Noticed Sabo's ghost (amateur OpEE)
  2193 | D:3      | Lost mutation: Your system is resistant to poisons. (rPois)
                  | [potion of mutation]
  2193 | D:3      | Lost mutation: You have a pair of small horns on your head.
                  | [potion of mutation]
  2193 | D:3      | Gained mutation: Potions are less effective at restoring
                  | your health. [potion of mutation]
  2439 | D:3      | Killed Sabo's ghost
  2440 | D:3      | Reached XP level 6. HP: 53/53 MP: 8/11
  2445 | D:3      | Identified the +5 mace "Abracin" {vorpal, Drain rC- rN+++
                  | Stlth+}
  2464 | D:3      | Learned a level 2 spell: Scorch
  2722 | D:3      | Found a bloodstained altar of Trog.
  3401 | D:4      | Found a staircase to the Ecumenical Temple.
  3412 | D:5      | Entered Level 5 of the Dungeon
  3436 | D:5      | Reached XP level 7. HP: 13/59 MP: 12/12
  3442 | D:5      | Slain by an iguana

Illustrated notes

Levels and vault maps discovered:
D:1:      dpeg_arrival_arbitrary_a, layout_rooms, ebering_ecumenical_altar_rust
D:2:      layout_basic, minivault_5, uniq_robin, uniq_natasha
D:3:      layout_basic, marbit_many_paths, ebering_ghost_disaster_area,
          kennysheep_generic_room_4
D:4:      layout_basic, minmay_temple_entry_proselytizer,
          chequers_decorated_corner
D:5:      layout_layer_cave, led_sif_pool, elyvilon_altar_5, serial_rivers,
          chequers_serial_rivers_small_a, chequers_serial_rivers_small_b,
          chequers_serial_rivers_micro_e, chequers_serial_rivers_micro_d

Skill      XL: |  1  2  3  4  5  6 |
---------------+-------------------+-----
Conjurations   | 1 2 |  2.5
Dodging        | 2 |  2.9
Fire Magic     | 3 |  3.6
Shields        | 1 2 |  2.3
Maces & Flails | 1 2 |  2.0
Spellcasting   | 3 |  3.7
Stealth        | 2 |  2.5

Action                   |  1- 3 |  4- 6 |  7- 9 || total
-------------------------+-------+-------+-------++-------
Melee: Club              |    85 |    91 |       ||   176
       Unarmed           |     3 |       |       ||     3
       Headbutt          |     3 |    13 |       ||    16
       Mace              |       |    54 |     1 ||    55
 Cast: Foxfire           |    18 |    47 |       ||    65
       Scorch            |       |     1 |       ||     1
Invok: Curse Item        |       |     1 |       ||     1
Evoke: Wand              |       |     7 |       ||     7
  Use: Scroll            |     1 |     4 |       ||     5
       Potion            |     1 |     5 |       ||     6
 Stab: Paralysed         |       |     1 |       ||     1
       Sleeping          |       |     4 |       ||     4
Armor: Robe              |    38 |    62 |       ||   100
Dodge: Dodged            |    37 |    93 |       ||   130
Block: Kite shield       |    33 |    74 |       ||   107

Table legend: (Time is in decaauts)
 A = Elapsed time spent in this place.
 B = Non-inter-level travel time spent in this place.
 C = Inter-level travel time spent in this place.
 D = Time resting spent in this place.
 E = Time spent auto-exploring this place.
 F = Levels seen in this place.
 G = Mean time per level.
                   A        B        C        D        E       F      G
               +--------+--------+--------+--------+--------+-----+--------+
         Total |   3538 |   3463 |     75 |    200 |    661 |   5 |  707.6 |
       Dungeon |   3538 |   3463 |     75 |    200 |    661 |   5 |  707.6 |
               +--------+--------+--------+--------+--------+-----+--------+

Top non-repeatable levels by time:
     D:1: 1245 daAuts
     D:3: 939 daAuts
     D:2: 876 daAuts
     D:4: 444 daAuts
     D:5: 33 daAuts
